 Dungeon Crawl Stone Soup version 0.29-a0-284-gf9362112df (webtiles) character file.

Game seed: 12577900131249403260

112 spaghetti the Magician (level 4, -2/27 HPs)
             Began as an Octopode Earth Elementalist on Mar 22, 2022.
             Was a Follower of Kikubaaqudgha.
             Killed from afar by an orc wizard (11 damage)
             ... with a magic dart
             ... on level 4 of the Dungeon.
             The game lasted 00:05:27 (3413 turns).

spaghetti the Magician (OpEE)                       Turns: 3413, Time: 00:05:28

Health: -2/27      AC:  1    Str:  7    XL:     4   Next: 93%
Magic:  1/9        EV: 13    Int: 19    God:    Kikubaaqudgha [*.....]
Gold:   152        SH:  0    Dex: 12    Spells: 0/10 levels left

rFire   + . .      SeeInvis .   n - +1 short sword (protect) {short}
rCold   . . .      Faith    .   (no shield)
rNeg    . . .      Spirit   .   (helmet restricted)
rPois   .          Reflect  .   (no amulet)
rElec   .          Harm     .   r - ring of wizardry
rCorr   .          Rampage  .   s - ring of protection from fire
Will    .....                   t - ring of wizardry
Stlth   +++.......              (no ring)
HPRegen 0.09/turn               (no ring)
MPRegen 0.11/turn               (no ring)
                                (no ring)
                                (no ring)

@: brilliant, hasted, very quick
A: almost no armour, amphibious, 8 rings, camouflage 1, gelatinous body 1,
(nimble swimmer 1), tentacles
a: Renounce Religion, Receive Corpses


You were on level 4 of the Dungeon.
You worshipped Kikubaaqudgha.
Kikubaaqudgha was aware of your devotion.
You visited 1 branch of the dungeon, and saw 4 of its levels.

You collected 152 gold pieces.


Innate Abilities, Weirdness & Mutations

You cannot wear most types of armour.
You are amphibious.
You can wear up to eight rings at the same time.
Your skin changes colour to match your surroundings (Stealth+).
Your rubbery body absorbs attacks. (AC +1, EV +1)
((You are camouflaged when in or above water. (Stealth+)))
You have tentacles for arms and can constrict up to eight enemies at once.


   Skills:
 - Level 2.0 Dodging
 - Level 2.6 Stealth
 + Level 3.7 Spellcasting
 * Level 2.5 Conjurations
 - Level 1.0 Transmutations
 - Level 3.0 Earth Magic


You couldn't memorise any spells.
You knew the following spells:

 Your Spells              Type           Power      Damage    Failure   Level
a - Sandblast             Erth           44%        2d11      1%          1
b - Passwall              Tmut/Erth      13%        N/A       2%          2
c - Stone Arrow           Conj/Erth      42%        3d9       4%          3
d - Petrify               Tmut/Erth      16%        N/A       16%         4

Your spell library contained the following spells:

 Spells                   Type           Power      Damage    Failure   Level
 Animate Skeleton         Necr           10%        N/A       4%          1
 Pain                     Necr           20%        1d5       4%          1
 Slow                     Hex            20%        N/A       4%          1
 Corpse Rot               Necr/Air       10%        N/A       6%          2
 Confusing Touch          Hex            5%         N/A       11%         3
 Vampiric Draining        Necr           5%         2d6       11%         3
 Agony                    Necr           5%         N/A       65%         5

Inventory:

Hand Weapons
 c - a +0 club {mace}
   (You took it off a goblin on level 1 of the Dungeon)
 d - a +0 hunting sling {sling}
   (You found it on level 1 of the Dungeon)
 f - a +0 club {mace}
   (You took it off a kobold on level 1 of the Dungeon)
 h - a +0 mace {mace}
   (You found it on level 1 of the Dungeon)
 m - a +1 dagger of freezing {short}
   (You found it on level 2 of the Dungeon)
 n - a +1 short sword of protection (weapon) {short}
   (You found it on level 3 of the Dungeon)
Missiles
 a - 60 stones {throwing}
Jewellery
 r - a ring of wizardry (left tentacle)
   (You took it off a goblin on level 3 of the Dungeon)
 s - a ring of protection from fire (right tentacle)
   (You found it on level 3 of the Dungeon)
 t - a ring of wizardry (on tentacle)
   (You found it on level 3 of the Dungeon)
Scrolls
 e - a scroll of teleportation {unknown}
 g - 2 scrolls of fog {unknown}
 k - 2 scrolls of vulnerability {unknown}
 l - a scroll of enchant armour {unknown}
 o - a scroll of identify {unknown}
 p - a scroll of torment {unknown}
 q - a scroll of silence {!r}
Potions
 b - a potion of magic
 v - a potion of cancellation {unknown}

Dungeon Overview and Level Annotations

Branches:
Dungeon (4/15)
 Temple: D:4-7

Altars:
Gozag
Kikubaaqudgha
Nemelex Xobeh
Ru

Annotations:
D:4 Duvessa ## ##### .. #ooe#

##.##.##)#
#...@.# ...
.....>##.######
.###. #.#.#.#
.. ###.#.#.# ##
#...#.#.#
########.#.#.#
#....# #.....#
#....# ###.###
#....# #.#


You could see Duvessa, an orc wizard and an orc.


Message History

There is a stone staircase leading up here.
Unknown command.
A ball python is nearby!
A ball python is nearby!
You hit the ball python.
Your weapon exudes an aura of protection.
You kill the ball python!
Kikubaaqudgha accepts your kill.
Found a stone staircase leading down.
An endoplasm comes into view.
An orc wizard comes into view. It is wielding a +0 dagger.
The endoplasm quivers.
The endoplasm freezes you.
You are frozen. 😕 HP[-5]
You take 5 damage, and now have 22/27 hp.
You hit the endoplasm.
Your weapon exudes an aura of protection.
The orc wizard shouts!
You hear a shout! x2
An orc comes into view. It is wielding a +0 dagger.
The endoplasm hits you but does no damage.
An orc comes into view. It is wielding a +0 flail.
You hit the endoplasm.
You kill the endoplasm!
Kikubaaqudgha accepts your kill.
The orc hits you with a +0 flail. 😕 HP[-1]
You take 1 damage, and now have 21/27 hp.
You hit the orc but do no damage. Your grab misses the orc.
The orc closely misses you.
Aiming: Stone Arrow (dangerous; 4% risk of failure)
Press: ? - help, Q - select action, (/) - cycle Shift-Dir - straight line, f - orc
Aim: an orc, wielding a +0 flail and wearing a +0 leather armour (68% to hit)
The stone arrow hits the orc!
You kill the orc!
Kikubaaqudgha accepts your kill. 😕 MP[-3]
You lost 3 mp, and now have 6/9 mp.
Aiming: Stone Arrow (dangerous; 4% risk of failure)
Press: ? - help, Q - select action, (/) - cycle Shift-Dir - straight line, f - orc wizard
Aim: an orc wizard, wielding a +0 dagger and wearing a +0 robe (60% to hit)
The stone arrow hits the orc wizard.
The orc wizard casts a spell at you. The magic dart hits you.
Duvessa, Sister of Dowan comes into view.
She is wielding a +0 short sword. 😮 HP[-5] MP[-3]
You take 5 damage, and now have 16/27 hp.
You lost 3 mp, and now have 3/9 mp.
Aiming: Stone Arrow (dangerous; 4% risk of failure)
Press: ? - help, Q - select action, (/) - cycle Shift-Dir - straight line, f/p - orc wizard
Aim: an orc wizard, wielding a +0 dagger and wearing a +0 robe (heavily wounded, 60% to hit)
The stone arrow misses the orc wizard.
The orc wizard misses you. 😮 HP[+1] MP[-3]
You lost 3 mp, and now have 0/9 mp.
You don't have enough magic to cast this spell.
Unknown command.
You don't have enough magic to cast this spell.
Unknown command.
You don't have enough magic to cast this spell.
The orc wizard casts a spell at you.
You are confused.
It was a potion of heal wounds.
You feel much better. 😎 HP[+10]
Your hp is fully restored (27).
Okay, then.
You bump into the rock wall.
You bump into the rock wall.
The orc wizard hits you with a +0 dagger. 😕 HP[-4]
You take 4 damage, and now have 23/27 hp.
Unknown command.
You bump into the rock wall.
The orc wizard hits you with a +0 dagger.
The orc barely misses you. 😮 HP[-4] MP[+1]
You take 4 damage, and now have 19/27 hp.
You bump into the rock wall.
The orc wizard closely misses you.
The orc hits you with a +0 dagger. 😮 HP[-3]
You take 3 damage, and now have 16/27 hp.
Unknown command.
It was a potion of brilliance.
You feel clever all of a sudden. The orc wizard closely misses you.
The orc hits you with a +0 dagger. 😮 HP[-1]
You take 1 damage, and now have 15/27 hp.
It was a potion of haste.
You feel yourself speed up.
You feel less confused.
The orc wizard hits you with a +0 dagger.
* * * LOW HITPOINT WARNING * * *
The orc hits you with a +0 dagger.
* * * LOW HITPOINT WARNING * * *
😨 HP[-6]
You take 6 damage, and now have 9/27 hp.
MASSIVE DAMAGE!! (PAUSE)
The orc wizard casts a spell at you. The magic dart hits you!
You die...
Kikubaaqudgha rasps: "You have failed me!
Welcome... death!"

Skill      XL: |  1  2  3  4 |
---------------+-------------+-----
Spellcasting   | 3 |  3.7
Conjurations   | 1 2 |  2.5
Dodging        | |  2.0
Stealth        | |  2.6
Transmutations | |  1.0
Earth Magic    | |  3.0

Action                   |  1- 3 |  4- 6 || total
-------------------------+-------+-------++-------
Melee: Unarmed           |    10 |       ||    10
       Constrict         |     5 |     2 ||     7
       Mace              |    12 |     9 ||    21
       Tentacles         |     1 |       ||     1
       Short sword       |       |    22 ||    22
 Cast: Sandblast         |    35 |       ||    35
       Stone Arrow       |    12 |    15 ||    27
  Use: Scroll            |     1 |     2 ||     3
       Potion            |       |     3 ||     3
 Stab: Sleeping          |     1 |     2 ||     3
Armor: Skin              |     4 |    15 ||    19
Dodge: Dodged            |    18 |    20 ||    38

Levels and vault maps discovered:
D:1:      shiori_arrival_maze, layout_loops_ring
D:2:      layout_loops_cross, basic_ecumenical_altar
D:3:      layout_basic, nemelex_diamond_rough_becter,
          nicolae_overflow_hidden_temple, dk_vineyard_2
D:4:      layout_basic, marbit_many_paths, minmay_temple_entry_glassed_door,
          cheibrodos_sewer_entry_sluice, hex_large, uniq_natasha, uniq_duvessa,
          uniq_pikel

Notes
Turn   | Place    | Note
-------+----------+-------------------------------------------
     0 | D:1      | spaghetti the Octopode Earth Elementalist began the quest
                  | for the Orb.
     0 | D:1      | Reached XP level 1. HP: 11/11 MP: 3/3
     0 | D:1      | magus.rc [v1.9.6]
   183 | D:1      | Reached XP level 2. HP: 5/17 MP: 0/5
   187 | D:1      | Learned a level 2 spell: Passwall
   605 | D:1      | Reached skill level 3 in Spellcasting
   818 | D:1      | Reached XP level 3. HP: 19/21 MP: 5/7
   826 | D:1      | Learned a level 3 spell: Stone Arrow
  1363 | D:1      | Reached skill level 1 in Conjurations
  1940 | D:2      | Reached XP level 4. HP: 27/27 MP: 5/9
  2074 | D:2      | Found a faded altar of an unknown god.
  2082 | D:2      | Prayed at the altar of an unknown god.
  2082 | D:2      | Became a worshipper of Kikubaaqudgha
  2082 | D:2      | Reached * piety under Kikubaaqudgha
  2082 | D:2      | You add the spells Animate Skeleton, Pain, Corpse Rot and
                  | Agony to your library.
  2082 | D:2      | Received a gift from Kikubaaqudgha
  2595 | D:3      | Reached skill level 2 in Conjurations
  2714 | D:3      | You pick up a book of Debilitation and begin reading...
  2714 | D:3      | You add the spells Slow, Vampiric Draining and Confusing
                  | Touch to your library.
  2894 | D:3      | Learned a level 4 spell: Petrify
  3066 | D:3      | Found a sparkling altar of Nemelex Xobeh.
  3331 | D:3      | Found a sacrificial altar of Ru.
  3331 | D:3      | Found an opulent altar of Gozag.
  3402 | D:4      | Noticed Duvessa
  3413 | D:4      | Killed from afar by an orc wizard

Vanquished Creatures
  4 adders
  4 dart slugs
  An orc (D:4)
  7 bats
  9 endoplasms
  3 giant cockroaches
  4 jackals (D:1)
  5 quokkas
  5 ball pythons
  3 frilled lizards
  5 goblins
  3 kobolds
  12 rats
65 creatures vanquished.

Table legend:
 A = Non-vault XP
 B = Vault XP
 C = Vault XP percentage of total XP
 D = Non-vault monster count
 E = Vault monster count
 F = Vault count percentage of total count
                 A         B        C        D         E       F
            +---------+---------+-------+---------+---------+-------
      Total |     155 |       5 |   3.1 |      62 |       3 |   4.6
            +---------+---------+-------+---------+---------+-------
        D:1 |      62 |       3 |   4.6 |      35 |       2 |   5.4
        D:2 |      41 |       0 |   0.0 |      11 |       0 |   0.0
        D:3 |      47 |       0 |   0.0 |      14 |       0 |   0.0
        D:4 |       5 |       2 |  28.6 |       2 |       1 |  33.3
            +---------+---------+-------+---------+---------+-------

Illustrated notes

Table legend:
 A = Kills in this place as a percentage of kills in entire the game.
 B = Kills by you in this place as a percentage of kills by you in the entire game.
 C = Kills by friends in this place as a percentage of kills by friends in the entire game.
 D = Other kills in this place as a percentage of other kills in the entire game.
 E = Experience gained in this place as a percentage of experience gained in the entire game.
 F = Experience gained in this place divided by the number of levels of this place that you have seen.
                   A       B       C       D       E      F
               +-------+-------+-------+-------+-------+----------------------
         Total | 100.0 | 100.0 |   N/A |   N/A | 100.0 |  40.0
       Dungeon | 100.0 | 100.0 |   N/A |   N/A | 100.0 |  40.0
               +-------+-------+-------+-------+-------+----------------------

Table legend: (Time is in decaauts)
 A = Elapsed time spent in this place.
 B = Non-inter-level travel time spent in this place.
 C = Inter-level travel time spent in this place.
 D = Time resting spent in this place.
 E = Time spent auto-exploring this place.
 F = Levels seen in this place.
 G = Mean time per level.
                   A        B        C        D        E       F      G
               +--------+--------+--------+--------+--------+-----+--------+
         Total |   3420 |   3366 |     54 |    411 |   2527 |   4 |  855.0 |
       Dungeon |   3420 |   3366 |     54 |    411 |   2527 |   4 |  855.0 |
               +--------+--------+--------+--------+--------+-----+--------+

Top non-repeatable levels by time:
     D:1: 1801 daAuts
     D:3: 839 daAuts
     D:2: 735 daAuts
     D:4: 44 daAuts
